 Dungeon Crawl Stone Soup version 0.31-a0-202-g547052bce9 (webtiles) character file.

Game seed: 12402338900666749892

174 qw the Skirmisher (level 5, -2/29 HPs)
             Began as a Deep Elf Hunter on June 26, 2023.
             Asphyxiated
             ... in a sewer.
             The game lasted 00:01:08 (2249 turns).

qw the Skirmisher (Deep Elf Hunter)                 Turns: 2249, Time: 00:01:08

Health: -2/29      AC:  6    Str: 10    XL:     5   Next: 28%
Magic:  7/7        EV: 11    Int: 14    God:
Gold:   128        SH:  0    Dex: 18    Spells: 4/4 levels left

rFire   . . .        Y - +0 shortbow
rCold   . . .        (shield currently unavailable)
rNeg    . . .        h - +0 ring mail
rPois   .            f - +0 helmet
rElec   .            (no cloak)
rCorr   .            (no gloves)
SInv    .            (no boots)
Will    .....        (no amulet)
Stlth   +            (no ring)
HPRegen 0.24/turn    (no ring)
MPRegen 0.10/turn

%: no passive effects
@: lethally poisoned (-2 -> -20), slowed, very slow
A: no striking features
a: no special abilities


You were in a sewer.
You visited 1 branch of the dungeon, and saw 3 of its levels.
You also visited: Sewer.

You collected 128 gold pieces.


   Skills:
 - Level 1.5 Fighting
 + Level 8.8 Ranged Weapons
 - Level 2.4 Dodging
 - Level 1.2 Stealth


You had 4 spell levels left.
You didn't know any spells.
Your spell library was empty.

Inventory:

Hand Weapons
 Y - a +0 shortbow (weapon)
Armour
 f - a +0 helmet (worn)
 h - a +0 ring mail (worn)
Scrolls
 i - a scroll of identify
Potions
 a - a potion of brilliance {unknown}
 c - a potion of invisibility {unknown}
 d - 2 potions of might
 e - a potion of curing
 g - a potion of heal wounds
 j - a potion of cancellation {unknown}
 k - a potion of magic {unknown}

Dungeon Overview and Level Annotations

Branches:
Dungeon (3/15)              Sewer (1/1)

Altars:


Message History

The curare-tipped dart barely misses you.
Enter note:
2241 ||| Stepping ~*~*~tactically~*~*~ (water).
You shoot an arrow.
The arrow barely misses the kobold brigand.
You shoot an arrow. The arrow barely misses the river rat.
The arrow barely misses the kobold brigand.
You shoot an arrow. The arrow hits the river rat!
You kill the river rat!
You shoot an arrow. The arrow misses the kobold brigand.
The kobold brigand throws a curare-tipped dart.
The curare-tipped dart closely misses you.
You shoot an arrow.
The arrow closely misses the kobold brigand.
The kobold brigand throws a curare-tipped dart.
The curare-tipped dart hits you.
You are poisoned.
You have difficulty breathing.
You feel yourself slow down.
You shoot an arrow. The arrow hits the kobold brigand!
The kobold brigand is moderately wounded.
You feel very sick.
The kobold brigand throws a curare-tipped dart.
The curare-tipped dart barely misses you.
You shoot an arrow.
The arrow hits the kobold brigand but does no damage.
The kobold brigand is moderately wounded.
You feel sick.
The kobold brigand throws a curare-tipped dart.
The curare-tipped dart hits you.
You are more poisoned.
You have difficulty breathing.
You feel as though you will be slow longer.
You shoot an arrow.
The arrow barely misses the kobold brigand.
You feel very sick.
The kobold brigand throws a curare-tipped dart.
The curare-tipped dart hits you.
You are more poisoned.
You have difficulty breathing.
You die...

#. .# #~ ~# #~ r# ~#~ #~
~K. ~~ #~# ~# #%# ~#
#~###~# #~@~~~# ##~.~##
#.~.# #~~.# ##.~.# ~
##...~# #### ~~#####~~~~~#
#####%~~
~.~.~...~.~########~~~%.##
~~.~~.~~.####...~~~~###~~~


You could see a kobold brigand.

Vanquished Creatures
  7 adders
  2 river rats (Sewer)
  2 worms
  A dart slug (D:2)
  An orc (D:3)
  8 endoplasms
  3 giant cockroaches
  5 goblins
  6 hobgoblins
  10 jackals
  6 kobolds
  8 quokkas
  7 ball pythons
  2 bats
  3 frilled lizards
  8 rats
79 creatures vanquished.

Notes
Turn   | Place    | Note
-------+----------+-------------------------------------------
     0 | D:1      | qw the Deep Elf Hunter began the quest for the Orb.
     0 | D:1      | Reached XP level 1. HP: 12/12 MP: 3/3
     0 | D:1      | 0 ||| qw: Version: 0.3-a-22-g0ed2b0b
     0 | D:1      | 0 ||| qw: Game counter: 5879
     0 | D:1      | 0 ||| qw: Melee chars always use a shield: true
     0 | D:1      | 0 ||| qw: God list: Okawaru
     0 | D:1      | 0 ||| qw: Allow faded altars: false
     0 | D:1      | 0 ||| qw: Do Orc after clearing Dungeon:15 true
     0 | D:1      | 0 ||| qw: Do second Lair branch before Depths: true
     0 | D:1      | 0 ||| qw: Lair rune preference: random
     0 | D:1      | 0 ||| qw: Goals: Normal
     0 | D:1      | 0 ||| PLANNING D:1-11
   164 | D:1      | Reached skill level 6 in Ranged Weapons
   164 | D:1      | Reached XP level 2. HP: 16/16 MP: 4/4
   376 | D:1      | Reached XP level 3. HP: 20/20 MP: 5/5
   698 | D:1      | Found a faded altar of an unknown god.
   765 | D:1      | 765 ||| UPGRADING to +0 ring mail.
   775 | D:1      | 775 ||| DROPPING +0 leather armour.
   776 | D:1      | 776 ||| READING scroll labelled REBBIJ DENIJEU.
   777 | D:1      | 777 ||| READING scroll labelled TEOPAIRCHAG.
   778 | D:1      | 778 ||| DRINKING 2 sapphire potions.
   882 | D:1      | 882 ||| DROPPING scroll of butterflies.
   883 | D:1      | 883 ||| DROPPING potion of berserk rage.
  1007 | D:2      | Reached skill level 7 in Ranged Weapons
  1059 | D:2      | 1059 ||| FLEEEEING.
  1060 | D:2      | 1060 ||| FLEEEEING.
  1061 | D:2      | 1061 ||| FLEEEEING.
  1064 | D:2      | 1064 ||| FLEEEEING.
  1065 | D:2      | 1065 ||| FLEEEEING.
  1066 | D:2      | 1066 ||| FLEEEEING.
  1067 | D:2      | 1067 ||| FLEEEEING.
  1068 | D:2      | 1068 ||| FLEEEEING.
  1069 | D:2      | 1069 ||| FLEEEEING.
  1071 | D:2      | 1071 ||| FLEEEEING.
  1072 | D:2      | 1072 ||| FLEEEEING.
  1075 | D:2      | 1075 ||| FLEEEEING.
  1076 | D:2      | 1076 ||| FLEEEEING.
  1077 | D:2      | 1077 ||| FLEEEEING.
  1078 | D:2      | 1078 ||| FLEEEEING.
  1079 | D:2      | 1079 ||| FLEEEEING.
  1082 | D:2      | 1082 ||| FLEEEEING.
  1083 | D:2      | 1083 ||| FLEEEEING.
  1084 | D:2      | 1084 ||| FLEEEEING.
  1085 | D:2      | 1085 ||| STAIRDANCE
  1110 | D:1      | 1110 ||| DRINKING 2 bubbling sapphire potions.
  1111 | D:1      | 1111 ||| DROPPING potion of degeneration.
  1142 | D:2      | Reached XP level 4. HP: 25/25 MP: 6/6
  1372 | D:2      | Reached skill level 8 in Ranged Weapons
  1651 | D:2      | 1651 ||| UPGRADING to +0 helmet.
  1656 | D:2      | 1656 ||| READING scroll labelled GYTSEFI WUEMO PEPN.
  1657 | D:2      | 1657 ||| READING scroll labelled REKOYTOERI.
  1658 | D:2      | 1658 ||| READING scroll labelled QIOZ IRPHOENISCH.
  1659 | D:2      | 1659 ||| DRINKING 2 sedimented clear potions.
  1678 | D:3      | 1678 ||| PLANNING SEWER
  1866 | D:3      | 1866 ||| Stepping ~*~*~tactically~*~*~ (water).
  1868 | D:3      | 1868 ||| Stepping ~*~*~tactically~*~*~ (water).
  1870 | D:3      | 1870 ||| Stepping ~*~*~tactically~*~*~ (water).
  2003 | D:3      | Reached XP level 5. HP: 29/29 MP: 7/7
  2058 | D:3      | 2058 ||| Stepping ~*~*~tactically~*~*~ (water).
  2065 | D:3      | Found a glowing drain.
  2066 | D:3      | 2066 ||| DROPPING ring of flight.
  2067 | D:3      | 2067 ||| READING scroll labelled YLIURI LICH.
  2067 | D:3      | Identified a scroll of acquirement
  2067 | D:3      | 2067 ||| ACQUIRING +3 antimagic shortbow
  2067 | D:3      | Acquired a +3 antimagic shortbow
  2068 | D:3      | 2068 ||| DRINKING 2 silvery potions.
  2069 | D:3      | 2069 ||| DRINKING 2 red potions.
  2075 | Sewer    | Entered a sewer
  2241 | Sewer    | 2241 ||| Stepping ~*~*~tactically~*~*~ (water).
  2249 | Sewer    | HP: 4/29 [poisoned by a kobold brigand (curare-tipped
                  | dart)]
  2249 | Sewer    | Asphyxiated

Levels and vault maps discovered:
D:1:      ebering_trefoil_twist, layout_basic,
          dreamdust_ecumenical_altar_angels_and_demons
D:2:      layout_rooms, minmay_distorted
D:3:      layout_loops_ring, vehumet_crystals, gup_sewer_entry_pipe,
          st_stairs_6, dk_vineyard_2, grunt_ministairs_13,
          amcnicky_mini_pool_small, kennysheep_generic_room_4
Sewer:    sewer_co_tree

Skill      XL: |  1  2  3  4 |
---------------+-------------+-----
Ranged Weapons | 6 7 8 |  8.8
Fighting       | |  1.5
Dodging        | |  2.4
Stealth        | |  1.2

Action                     |  1- 3 |  4- 6 || total
---------------------------+-------+-------++-------
   Fire: Shortbow          |   104 |   149 ||   253
    Use: Scroll            |     2 |     4 ||     6
         Potion            |     2 |     3 ||     5
 Armour: Leather armour    |     3 |       ||     3
         Ring mail         |     5 |    42 ||    47
  Dodge: Dodged            |    24 |    65 ||    89

Table legend:
 A = Non-vault XP
 B = Vault XP
 C = Vault XP percentage of total XP
 D = Non-vault monster count
 E = Vault monster count
 F = Vault count percentage of total count
                 A         B        C        D         E       F
            +---------+---------+-------+---------+---------+-------
      Total |     173 |      76 |  30.5 |      63 |      16 |  20.3
            +---------+---------+-------+---------+---------+-------
        D:1 |      51 |       0 |   0.0 |      29 |       0 |   0.0
        D:2 |      97 |      15 |  13.4 |      26 |       2 |   7.1
        D:3 |      25 |      16 |  39.0 |       8 |       6 |  42.9
      Sewer |       0 |      45 | 100.0 |       0 |       8 | 100.0
            +---------+---------+-------+---------+---------+-------
